 Dungeon Crawl Stone Soup version 0.31.0-32-g396128a36d (webtiles) character file.

Game seed: 13975024872831801567

204 tizbic2 the Grave Robber (level 5, -1/41 HPs)
             Began as an Armataur Necromancer on Mar 25, 2024.
             Slain by an orc
             ... wielding a +0 mace
              (6 damage)
             ... on level 4 of the Dungeon.
             The game lasted 00:10:32 (3308 turns).

tizbic2 the Grave Robber (Armataur Necromancer)     Turns: 3308, Time: 00:10:32

Health: -1/41      AC:  5    Str: 15    XL:     5   Next: 52%
Magic:  9/9        EV:  9    Int: 16    God:
Gold:   249        SH:  0    Dex: 10    Spells: 5/9 levels left

rFire   . . .        t - +0 rapier
rCold   . . .        (no shield)
rNeg    . . .        a - +0 robe
rPois   .            i - +0 helmet
rElec   .            (no cloak)
rCorr   .            (no gloves)
SInv    .            (no barding)
Will    .....        (no amulet)
Stlth   ++           (no ring)
HPRegen 0.26/turn    (no ring)
MPRegen 1.10/turn

%: roll
@: about to teleport
A: large, deformed body, tough skin 3, armoured tail, roll 1
a: no special abilities


You were on level 4 of the Dungeon.
You visited 1 branch of the dungeon, and saw 4 of its levels.

You collected 249 gold pieces.

Inventory:

Hand Weapons
 t - a +0 rapier (weapon)
 y - a +0 mace
Missiles
 e - 3 poisoned darts
 f - 2 silver javelins
Armour
 a - a +0 robe (worn)
 i - a +0 helmet (worn)
 q - a +0 scale mail
 r - a +0 leather armour
 s - a +0 chain mail
Wands
 u - a wand of flame (11)
Scrolls
 h - 2 scrolls of teleportation
 l - 2 scrolls of blinking {unknown}
 o - a scroll of poison
 p - 3 scrolls of identify
 w - a scroll of vulnerability {unknown}
 x - a scroll of enchant weapon {unknown}
Potions
 b - 2 potions of magic
 c - a potion of mutation {unknown}
 d - a potion of brilliance {unknown}
 g - 4 potions of cancellation {unknown}
 j - a potion of enlightenment {unknown}
 k - a potion of ambrosia {unknown}
 n - 2 potions of lignification {unknown}
 v - a potion of attraction {unknown}


   Skills:
 + Level 1.8 Fighting
 * Level 3.8 Armour
 - Level 1.3 Dodging
 - Level 2.1 Stealth
 + Level 2.6 Spellcasting
 + Level 3.9 Necromancy


You had 5 spell levels left.
You knew the following spells:

 Your Spells              Type           Power      Damage    Failure   Level
a - Necrotise             Necr           56%        1d6       3%          1
b - Vampiric Draining     Necr           14%        2d7       12%         3

Your spell library contained the following spells:

 Spells                   Type           Power      Damage    Failure   Level
 Magic Dart               Conj           8%         1d3       21%         1
 Searing Ray              Conj           4%         2d4       30%         2
 Animate Dead             Necr           14%        N/A       36%         4
 Curse of Agony           Necr           14%        N/A       71%         5
 Fulminant Prism          Conj/Alch      1%         3d5       89%         4
 Vhi's Electric Charge    Tloc/Air       4%         N/A       89%         4
 Arcjolt                  Conj/Air       1%         1d11      99%         5
 Plasma Beam              Fire/Air       1%         2x1d11    100%        6


Dungeon Overview and Level Annotations

Branches:
Dungeon (4/15)
 Temple: D:4-7

Altars:

Annotations:
D:4 Pikel


Innate Abilities, Weirdness & Mutations

Armour fits poorly on your strangely shaped body.
You have extremely tough skin. (AC +3)
You have a long armoured tail.
You regenerate magic when rolling toward enemies. (Rampage MPRegen)


Message History

You hit the orc wizard.
The orc wizard is moderately wounded.
You hit the orc wizard.
The orc wizard is moderately wounded.
The orc wizard hits you but does no damage.
You roll towards the orc!
You hit the orc.
Your tail-slap misses the orc.
The orc is heavily wounded.
The orc hits you with a +0 hand axe. The orc hits you but does no damage.
The orc wizard barely misses you. The orc barely misses you.
You hit the orc wizard.
The orc wizard is severely wounded.
The orc hits you with a +0 mace!
The orc wizard points at you and mumbles some strange words.
You resist with some effort. The orc hits you with a +0 hand axe.
You closely miss the orc wizard.
Your tail-slap misses the orc wizard.
The orc wizard is severely wounded.
The orc hits you with a +0 mace. The orc wizard casts a spell at you.
You are confused.
The orc barely misses you. x2
You bump into the rock wall.
The orc wizard completely misses you. The orc closely misses you.
The orc hits you with a +0 mace.
* * * LOW HITPOINT WARNING * * *
You're too confused to move!
The orc wizard completely misses you. The orc hits you with a +0 hand axe.
* * * LOW HITPOINT WARNING * * *
The orc hits you with a +0 mace.
* * * LOW HITPOINT WARNING * * *
You feel better.
The orc wizard hits you with a +0 dagger.
* * * LOW HITPOINT WARNING * * *
The orc hits you with a +0 hand axe.
* * * LOW HITPOINT WARNING * * *
The orc hits you with a +0 mace.
* * * LOW HITPOINT WARNING * * *
Okay, then.
As you read the scroll of teleportation, it crumbles to dust.
You feel strangely unstable. The orc wizard barely misses you.
The orc hits you but does no damage. The orc hits you with a +0 mace.
You die...

.....## ##.......## ....##
##.........# ..### #..........##
#...........# #...........#
#...........# .. ##.......####
".. ##...##o.# ...[ ####
##@###.... ..... ...... #oo#.....
#.... ........# ####o......#
#.... ........# ##..........###
#... .......#
###...............#...
.......##......................##
....................####.........
##.................## ####....
....................# #....<#


You could see an orc wizard and 3 orcs.

Vanquished Creatures
  A lemure (D:3)
  A scorpion (D:4)
  A bombardier beetle (D:4)
  Terence (D:3)
  2 dart slugs
  A ribbon worm (D:3)
  2 orcs
  6 endoplasms
  7 giant cockroaches
  7 goblins
  6 hobgoblins
  6 jackals
  9 kobolds
  4 quokkas
  4 ball pythons
  5 bats
  3 frilled lizards
  8 rats
74 creatures vanquished.

Vanquished Creatures (collateral kills)
  A jackal (D:1)
1 creature vanquished.

Grand Total: 75 creatures vanquished

Notes
Turn   | Place    | Note
-------+----------+-------------------------------------------
     0 | D:1      | tizbic2 the Armataur Necromancer began the quest for the
                  | Orb.
     0 | D:1      | Reached XP level 1. HP: 14/14 MP: 3/3
    59 | D:1      | Reached skill level 1 in Armour
    83 | D:1      | Reached XP level 2. HP: 9/22 MP: 2/4
   381 | D:1      | Reached XP level 3. HP: 23/27 MP: 1/6
   582 | D:1      | Learned a level 3 spell: Vampiric Draining
   670 | D:1      | Reached skill level 1 in Fighting
  1948 | D:3      | Reached XP level 4. HP: 32/35 MP: 7/7
  2340 | D:3      | Found a faded altar of an unknown god.
  2438 | D:3      | Noticed Terence
  2452 | D:3      | Killed Terence
  2781 | D:4      | Reached XP level 5. HP: 11/40 MP: 8/8
  2909 | D:4      | Noticed a lemure
  2909 | D:4      | Noticed Pikel
  2909 | D:4      | Noticed a lemure
  2910 | D:4      | Noticed a lemure
  2910 | D:4      | Noticed a lemure
  2932 | D:3      | Killed a lemure
  3308 | D:4      | Slain by an orc

Illustrated notes

Levels and vault maps discovered:
D:1:      elethiomel_arrival_shortcut, layout_basic
D:2:      layout_basic, kennysheep_decorative_pillar, hex_tiny,
          minmay_gold_behind_fungi, minmay_tetromino_o4
D:3:      layout_loops_ring, shapermc_ecumenical_altar_totnotflames,
          uniq_terence
D:4:      layout_cave_pods, minmay_temple_entry_wispy, uniq_pikel

Skill      XL: |  1  2  3  4 |
---------------+-------------+-----
Armour         | 1 2 3 |  3.8
Spellcasting   | 2 |  2.6
Fighting       | 1 |  1.8
Dodging        | |  1.3
Stealth        | |  2.1
Necromancy     | |  3.9

Action                     |  1- 3 |  4- 6 || total
---------------------------+-------+-------++-------
  Melee: Unarmed           |    61 |       ||    61
         Tailslap          |    10 |    10 ||    20
         Punch             |     1 |     2 ||     3
         Long sword        |    44 |       ||    44
         Rapier            |     8 |    92 ||   100
   Cast: Necrotise         |    33 |     2 ||    35
         Vampiric Draining |     5 |     7 ||    12
    Use: Scroll            |     3 |     1 ||     4
         Potion            |       |     3 ||     3
   Stab: Sleeping          |     9 |     4 ||    13
 Armour: Robe              |    98 |    67 ||   165
         Chain mail        |       |    15 ||    15
  Dodge: Dodged            |    67 |    54 ||   121
